 Dungeon Crawl Stone Soup version 0.27-a0-1065-ge809cff456 (webtiles) character file.

Game seed: 4356846424802087182

2100 Anon1729 the Ducker (level 9, 0/69 HPs)
             Began as a Demonspawn Berserker on Apr 23, 2021.
             Was a Priest of Trog.
             Succumbed to a hornet's poison
             ... on level 7 of the Dungeon.
             The game lasted 00:12:02 (8679 turns).

Anon1729 the Ducker (Demonspawn Berserker)          Turns: 8679, Time: 00:12:03

Health: 0/69       AC:  4    Str: 20      XL:     9   Next: 7%
Magic:  18/18      EV: 17    Int:  9      God:    Trog [***...]
Gold:   231        SH:  0    Dex: 11 (13) Spells: 8/8 levels left

rFire    + . .     SeeInvis .   r - +0 long sword
rCold    + + .     Faith    .   (no shield)
rNeg     . . .     Spirit   .   s - +2 robe {rC+}
rPois    .         Reflect  .   (no helmet)
rElec    .         Harm     .   g - scarf {rC+ rF+}
rCorr    .         Rampage  .   (no gloves)
Will     .....                  (no boots)
Stlth    +.........             (no amulet)
HPRegen  0.21/turn              d - ring of magical power
MPRegen  0.16/turn              (no ring)

@: lethally poisoned (0 -> -5), hasted and slowed
A: claws 1, repulsion field 2, foul stench 1, powered by death 1
a: Renounce Religion, Berserk, Trog's Hand


You were on level 7 of the Dungeon.
You worshipped Trog.
Trog was most pleased with you.
You visited 1 branch of the dungeon, and saw 7 of its levels.

You collected 231 gold pieces.

Inventory:

Hand Weapons
 a - a +0 hand axe
 h - a +1 dagger of venom
 r - a +0 long sword (weapon)
Missiles
 i - 13 poisoned darts (quivered)
Armour
 b - a +0 animal skin
 g - a scarf of resistance (worn)
 s - a +2 robe of cold resistance (worn)
Jewellery
 d - a ring of magical power (left claw)
 u - a ring of fire
 v - a +6 ring of dexterity
Wands
 n - a wand of charming (7)
Scrolls
 c - a scroll of enchant armour {unknown}
 e - 5 scrolls of identify {unknown}
 f - 2 scrolls of teleportation {unknown}
 j - a scroll of fog {unknown}
 k - a scroll of acquirement {unknown}
 l - a scroll of torment {unknown}
 m - a scroll of noise {unknown}
 o - a scroll of vulnerability {unknown}
 q - a scroll of blinking {unknown}


   Skills:
 + Level 6.2 Fighting
 + Level 4.1 Long Blades
 - Level 3.0 Axes
 + Level 5.2 Armour
 * Level 7.2 Dodging


You had 8 spell levels left.
You didn't know any spells.
Your spell library was empty.

Dungeon Overview and Level Annotations

Branches:
Dungeon (7/15)             Temple (0/1) D:5

Altars:
Gozag
Nemelex Xobeh


Innate Abilities, Weirdness & Mutations

You have sharp fingernails.
You are surrounded by a moderate repulsion field. (EV +3)
You may rarely emit foul miasma when damaged in melee.
You regenerate a little health from kills.


Message History

Found 22 arrows.
An orc comes into view. It is wielding a +0 dagger.
An orc is nearby!
An orc is nearby!
A hornet, an orc and a zombie come into view.
The orc is wielding a +1 short sword of freezing.
The orc shouts! x2; You hear a shout!
An orc warrior comes into view.
It is wielding a +2 halberd of protection.
The hornet buzzes angrily.
The orc warrior shouts!
You hear a shout!
An orc comes into view. It is wielding a +0 dagger.
Found a stone staircase leading up.
You don't know any spells.
Unknown command.
The hornet stings you!
You are poisoned.
You feel yourself slow down.
You feel very sick. The hornet stings you!
You feel as though you will be slow longer.
You feel sick. The hornet misses you.
You feel sick. The bullfrog zombie hits you. The hornet closely misses you.
You riposte.
You miss the hornet. The bullfrog zombie misses you.
You riposte.
You slash the bullfrog zombie!
The bullfrog zombie is moderately damaged.
The hornet stings you!
* * * LOW HITPOINT WARNING * * *
You are more poisoned.
You feel as though you will be slow longer.
You feel very sick.
You feel yourself speed up.
You feel yourself speed up.
You feel very sick. The hornet stings you.
* * * LOW HITPOINT WARNING * * *
You feel yourself slow down. The hornet stings you!
* * * LOW HITPOINT WARNING * * *
You feel as though you will be slow longer.
Okay, then.
It was a potion of magic.
Magic courses through your body.
You die...

#....# #....# #....#
################....#
.................(..#
..............o.....#
.............oZ.....#
######
#############y#######
#..... #@# #.#### #.#
#.# # #.# #.# # #.#
#.# # #.# #.# # #.#
#.# # #.# #.# # #.#
#.# # #.# #.#


You could see a hornet, 2 orcs and a bullfrog zombie.

Vanquished Creatures
  Pikel (D:3)
  Sigmund (D:4)
  Eustachio (D:5)
  Duvessa (D:4)
  An ice beast (D:6)
  A sky beast (D:4)
  A necrophage (D:5)
  A lemure (D:3)
  A phantom (D:3)
  2 bullfrogs (D:5)
  Blork the orc (D:5)
  A scorpion (D:5)
  Dowan (D:3)
  A water moccasin zombie (D:5)
  A killer bee (D:4)
  4 orc priests
  A gnoll shaman (D:3)
  2 orc wizards
  A hound zombie (D:5)
  A howler monkey zombie (D:4)
  8 gnolls
  5 adders
  A howler monkey skeleton (D:5)
  A dart slug (D:4)
  17 orcs
  5 ball pythons
  4 endoplasms
  2 giant cockroaches (D:1)
  5 goblins
  7 hobgoblins
  11 jackals
  2 quokkas
  7 bats
  2 frilled lizards
  A jackal skeleton (D:4)
  8 kobolds
  3 rats
114 creatures vanquished.

Vanquished Creatures (others)
  22 plants (D:5)
22 creatures vanquished.

Grand Total: 136 creatures vanquished

Notes
Turn   | Place    | Note
-------+----------+-------------------------------------------
     0 | D:1      | Anon1729 the Demonspawn Berserker began the quest for the
                  | Orb.
     0 | D:1      | Reached XP level 1. HP: 18/18 MP: 1/1
   279 | D:1      | Reached skill level 2 in Dodging
   279 | D:1      | Gained mutation: You are surrounded by a mild repulsion
                  | field. (EV +2) [demonic ancestry]
   279 | D:1      | Reached XP level 2. HP: 24/24 MP: 2/2
   728 | D:1      | Reached XP level 3. HP: 26/29 MP: 3/3
  1604 | D:2      | Found a faded altar of an unknown god.
  1666 | D:2      | Reached ** piety under Trog
  2500 | D:3      | Reached XP level 4. HP: 35/35 MP: 4/4
  2655 | D:3      | Noticed a phantom
  2691 | D:3      | Killed a phantom
  2692 | D:3      | Reached skill level 3 in Dodging
  2692 | D:3      | Reached XP level 5. HP: 42/42 MP: 5/5
  3392 | D:3      | Found an opulent altar of Gozag.
  3619 | D:4      | Noticed a lemure
  3622 | D:4      | Noticed Sigmund
  3637 | D:3      | Killed a lemure
  3788 | D:4      | Noticed Pikel
  3788 | D:4      | Noticed a lemure
  3788 | D:4      | Noticed a lemure
  3789 | D:4      | Noticed a lemure
  3804 | D:3      | Killed Pikel
  3805 | D:3      | Reached skill level 5 in Dodging
  3805 | D:3      | Gained mutation: You have sharp fingernails. [demonic
                  | ancestry]
  3805 | D:3      | Reached XP level 6. HP: 42/49 MP: 6/6
  3805 | D:3      | Gained mutation: You are surrounded by a moderate repulsion
                  | field. (EV +3) [demonic ancestry]
  3805 | D:3      | Reached XP level 7. HP: 48/55 MP: 7/7
  4184 | D:4      | Killed Sigmund
  4271 | D:4      | Noticed Dowan
  4271 | D:4      | Noticed Duvessa
  4283 | D:3      | Reached skill level 5 in Fighting
  4895 | D:4      | Killed Duvessa
  4987 | D:3      | Killed Dowan
  4988 | D:3      | Gained mutation: You regenerate a little health from kills.
                  | [demonic ancestry]
  4988 | D:3      | Reached XP level 8. HP: 46/62 MP: 8/8
  5272 | D:4      | Found a sparkling altar of Nemelex Xobeh.
  5612 | D:4      | Reached skill level 6 in Dodging
  5918 | D:5      | Entered Level 5 of the Dungeon
  6115 | D:5      | Reached *** piety under Trog
  7270 | D:5      | Found a staircase to the Ecumenical Temple.
  7346 | D:5      | Noticed Blork the orc
  7355 | D:5      | Killed Blork the orc
  7602 | D:5      | Reached skill level 5 in Armour
  7744 | D:5      | Noticed Eustachio
  7864 | D:5      | Killed Eustachio
  7865 | D:5      | Reached skill level 7 in Dodging
  8120 | D:5      | Gained mutation: You may rarely emit foul miasma when
                  | damaged in melee. [demonic ancestry]
  8120 | D:5      | Reached XP level 9. HP: 69/69 MP: 9/9
  8678 | D:7      | HP: 1/69 [hornet (8)]
  8679 | D:7      | Succumbed to a hornet's poison

Illustrated notes

Levels and vault maps discovered:
D:1:      psy_arrival_radial02, layout_basic
D:2:      layout_loops_ring, shapermc_ecumenical_altar_venn,
          kennysheep_decorative_pillar, minmay_indecisive_spiral
D:3:      layout_basic, nicolae_overflow_hidden_temple
D:4:      layout_rooms, nemelex_spade_bored_becter, uniq_pikel, uniq_duvessa,
          uniq_sigmund
D:5:      layout_loops_ring, minmay_temple_entry_poolview, serial_bayou,
          serial_bayou_pond_e, serial_bayou_crossing, serial_bayou_pond_d,
          serial_bayou_pond_c, serial_bayou_ford_a, kennysheep_flooded_box,
          uniq_eustachio, uniq_blork_the_orc
D:6:      lemuel_castle_with_subvaults [lemuel_castle_interior_carwin_3],
          layout_basic, uniq_grinder
D:7:      layout_basic, kennysheep_mini_moat, gammafunk_ghost_smash

Skill      XL: |  1  2  3  4  5  6  7  8 |
---------------+-------------------------+-----
Armour         | 2 3 4 5 |  5.2
Dodging        | 2 3 5 7 |  7.2
Fighting       | 4 5 6 |  6.2
Long Blades    | 2 4 |  4.1
Axes           | 3 |  3.0

Action                   |  1- 3 |  4- 6 |  7- 9 || total
-------------------------+-------+-------+-------++-------
Melee: Hand axe          |   124 |    52 |    33 ||   209
       Long sword        |       |    23 |   245 ||   268
       Unarmed           |       |       |     5 ||     5
Throw: Dart              |     2 |       |    10 ||    12
Invok: Berserk           |     3 |     4 |    11 ||    18
       Trog's Hand       |       |       |     2 ||     2
Evoke: Wand              |       |       |     1 ||     1
  Use: Potion            |       |       |     5 ||     5
 Stab: Sleeping          |     3 |       |       ||     3
       Distracted        |     1 |       |       ||     1
Armor: Animal skin       |    35 |     5 |     1 ||    41
       Robe              |       |       |    45 ||    45
       Skin              |       |       |    39 ||    39
Dodge: Dodged            |    88 |    75 |   287 ||   450
       Rpst.: Long sword |       |    13 |    70 ||    83

Table legend: (Time is in decaauts)
 A = Elapsed time spent in this place.
 B = Non-inter-level travel time spent in this place.
 C = Inter-level travel time spent in this place.
 D = Time resting spent in this place.
 E = Time spent auto-exploring this place.
 F = Levels seen in this place.
 G = Mean time per level.
                   A        B        C        D        E       F      G
               +--------+--------+--------+--------+--------+-----+--------+
         Total |   8973 |   8543 |    430 |   3098 |   4215 |   7 | 1281.9 |
       Dungeon |   8973 |   8543 |    430 |   3098 |   4215 |   7 | 1281.9 |
               +--------+--------+--------+--------+--------+-----+--------+

Top non-repeatable levels by time:
     D:3: 2964 daAuts
     D:5: 1898 daAuts
     D:1: 1620 daAuts
     D:4: 1103 daAuts
     D:2: 882 daAuts
     D:7: 393 daAuts
     D:6: 111 daAuts
